Map: 2000 Atmospheres LE

Players

MCanning - Winner!

  • Race: Protoss Protoss

Nina

  • Race: Protoss Protoss

Event: DreamHack SC2 Masters 2021 Winter

VOD

Have the link to the VOD?

Description

Time

  • Played on: Oct. 5, 2021, 4:55 p.m.
  • Length: 14:00

All games in this series

Show
View Real Time Build Order
Export as new Build Order

MCanning Protoss - Winner!

Build Orders: Zealot Archon 

Get SALT Encoding   

  12  0:00  Probe  
  13  0:12  Probe  
  14  0:17  Pylon  
  14  0:24  Probe  
  15  0:36  Gateway, Probe (Chrono Boost)  
  16  0:46  Assimilator, Probe (Chrono Boost)  
  17  0:51  Probe (Chrono Boost)  
  17  0:55  Assimilator  
  18  1:03  Probe (Chrono Boost)  
  19  1:09  Gateway  
  19  1:13  Probe (Chrono Boost)  
  20  1:18  Probe (Chrono Boost)  
  21  1:26  Cybernetics Core  
  21  1:30  Probe  
  22  1:38  Pylon  
  22  1:42  Probe  
  23  1:56  Probe  
  23  2:01  Warp Gate (Chrono Boost)  
  24  2:03  Stalker  
  24  2:04  Sentry  
  24  2:08  Probe  
  29  2:14  Pylon  
  29  2:20  Probe  
  30  2:28  Pylon  
  30  2:32  Sentry  
  30  2:33  Stalker  
  34  2:54  Nexus  
  34  2:59  Shield Battery  
  34  3:03  Probe  
  35  3:14  Pylon  
  35  3:15  Probe (Chrono Boost)  
  37  3:27  Probe (Chrono Boost)  
  37  3:29  Robotics Facility  
  37  3:35  Probe (Chrono Boost)  
  38  3:41  Adept, Probe  
  38  3:42  Adept  
  43  3:53  Probe, Forge  
  44  4:03  Sentry  
  44  4:06  Probe x2 (Chrono Boost)  
  48  4:19  Probe (Chrono Boost)  
  48  4:21  Protoss Ground Weapons Level 1 (Chrono Boost)  
  48  4:23  Probe (Chrono Boost)  
  50  4:25  Probe (Chrono Boost)  
  50  4:29  Probe (Chrono Boost)  
  49  4:31  Observer  
  49  4:34  Pylon  
  50  4:39  Shield Battery  
  50  4:41  Twilight Council, Probe  
  50  4:43  Stalker  
  52  4:47  Probe  
  53  4:53  Assimilator  
  53  4:54  Probe  
  53  4:56  Immortal (Chrono Boost), Shield Battery  
  58  5:02  Probe  
  58  5:06  Probe  
  60  5:14  Probe  
  60  5:17  Charge (Chrono Boost)  
  60  5:18  Probe  
  62  5:23  Gateway  
  62  5:27  Probe  
  63  5:28  Immortal  
  63  5:30  Probe  
  68  5:38  Nexus  
  68  5:41  Probe  
  69  5:43  Pylon  
  69  5:46  Probe  
  70  5:53  Shield Battery  
  70  6:01  Probe  
  70  6:03  Pylon  
  70  6:07  Probe  
  70  6:08  Observer  
  70  6:10  Zealot x2  
  75  6:15  Gateway  
  75  6:16  Gateway  
  74  6:18  Protoss Ground Weapons Level 2 (Chrono Boost)  
  74  6:19  Templar Archives  
  74  6:21  Probe  
  74  6:22  Probe  
  76  6:28  Pylon  
  76  6:33  Probe  
  76  6:35  Probe  
  78  6:40  Gateway  
  78  6:44  Shield Battery  
  78  6:45  Gateway  
  78  6:53  Gateway  
  78  6:56  Probe  
  78  6:57  High Templar  
  78  6:58  High Templar  
  78  6:59  Probe  
  84  7:01  Observer, Archon  
  84  7:02  Warp Prism  
  84  7:06  Probe  
  86  7:08  Probe  
  86  7:11  Probe  
  87  7:18  Probe  
  87  7:20  Probe, Pylon  
  87  7:21  Pylon  
  89  7:24  Zealot, High Templar x2  
  89  7:28  Pylon  
  95  7:33  Probe  
  95  7:34  Probe  
  95  7:35  Zealot, Archon  
  95  7:36  Zealot x2  
  103  7:40  Assimilator, Pylon  
  103  7:51  Zealot x3  
  109  7:52  Probe  
  109  7:56  Robotics Bay  
  110  8:02  Zealot x4  
  110  8:03  Zealot  
  120  8:10  Nexus  
  120  8:12  Nexus  
  120  8:19  High Templar x2  
  124  8:22  Archon  
  124  8:23  Protoss Ground Weapons Level 3 (Chrono Boost)  
  124  8:24  Zealot x4  
  132  8:32  Probe  
  129  8:42  Zealot  
  129  8:43  Zealot  
  129  8:46  Pylon  
  129  8:47  Probe  
  134  8:53  Zealot x6  
  140  9:00  Disruptor (Chrono Boost)  
  130  9:03  Probe  
  130  9:05  Probe  
  135  9:18  Robotics Facility, Zealot x6, Blink (Chrono Boost)  
  147  9:27  Dark Shrine  
  147  9:28  Probe  
  148  9:32  Disruptor (Chrono Boost)  
  148  9:36  Photon Cannon  
  149  9:42  Probe  
  150  9:46  Photon Cannon x2  
  150  9:47  Photon Cannon  
  150  9:49  Shield Battery  
  142  9:56  Zealot x4  
  142  9:57  Disruptor (Chrono Boost)  
  151  10:11  Zealot x2  
  151  10:12  Zealot x2, Disruptor (Chrono Boost)  
  159  10:19  Gateway  
  159  10:20  Probe  
  163  10:21  Gateway  
  163  10:25  Probe  
  162  10:30  Disruptor (Chrono Boost)  
  144  10:39  Zealot x3  
  144  10:40  Zealot x5  
  144  10:41  Disruptor  
  135  11:01  Zealot x4  
  135  11:02  Zealot x4  
  135  11:03  Disruptor (Chrono Boost)  
  134  11:04  Assimilator  
  134  11:10  Assimilator  
  124  11:16  Disruptor (Chrono Boost)  
  125  11:21  Zealot x3  
  125  11:22  Zealot x7  
  137  11:36  Disruptor (Chrono Boost)  
  140  11:42  Dark Templar  
  140  11:44  Zealot x5  
  140  11:45  Zealot x3  
  140  11:46  Disruptor (Chrono Boost)  
  150  11:54  Probe  
  140  11:58  Probe  
  139  12:04  Nexus  
  139  12:06  Dark Templar, Pylon  
  137  12:10  Stalker x4  
  137  12:12  Disruptor  
  148  12:18  Probe  
  148  12:19  Probe, Disruptor  
  143  12:35  Zealot x5  
  143  12:36  Zealot  
  147  12:48  Disruptor  
  144  12:53  Zealot x4, Disruptor  
  130  13:14  Zealot x5, Disruptor  
  130  13:15  Zealot x5  
  135  13:27  Observer  
  135  13:28  Photon Cannon, Probe  
  135  13:29  Photon Cannon  
  135  13:31  Shield Battery  
  131  13:38  Stalker x5  
  131  13:39  Stalker  
Show
View Real Time Build Order
Export as new Build Order

Nina Protoss 

Build Orders: Phoenix Opening 

Get SALT Encoding   

  12  0:00  Probe  
  13  0:12  Probe  
  14  0:18  Pylon  
  14  0:24  Probe (Chrono Boost)  
  15  0:36  Probe (Chrono Boost)  
  15  0:37  Gateway  
  16  0:45  Probe (Chrono Boost)  
  17  0:51  Assimilator, Probe  
  18  0:59  Assimilator  
  18  1:03  Probe (Chrono Boost)  
  19  1:08  Gateway  
  19  1:13  Probe (Chrono Boost)  
  19  1:18  Probe (Chrono Boost)  
  20  1:25  Cybernetics Core  
  21  1:29  Probe  
  22  1:35  Pylon  
  22  1:41  Probe  
  23  1:53  Probe  
  24  2:02  Stalker x2, Warp Gate  
  24  2:07  Probe  
  29  2:12  Pylon  
  29  2:18  Pylon  
  29  2:21  Probe  
  30  2:33  Probe, Sentry  
  30  2:34  Sentry  
  35  2:42  Pylon  
  35  2:45  Probe  
  36  2:59  Nexus  
  36  3:01  Probe  
  37  3:07  Phoenix  
  37  3:08  Sentry  
  37  3:11  Stalker  
  41  3:14  Probe  
  42  3:21  Shield Battery  
  42  3:26  Probe  
  43  3:36  Pylon  
  43  3:39  Probe (Chrono Boost)  
  44  3:44  Twilight Council  
  44  3:51  Probe (Chrono Boost)  
  45  3:59  Probe (Chrono Boost)  
  46  4:02  Adept x2  
  46  4:05  Probe  
  51  4:12  Probe  
  52  4:17  Probe  
  52  4:21  Pylon  
  52  4:24  Probe  
  51  4:29  Probe  
  49  4:35  Probe  
  49  4:38  Stalker x2  
  54  4:41  Probe  
  54  4:42  Blink (Chrono Boost)  
  54  4:43  Probe  
  55  4:51  Probe  
  56  4:53  Probe  
  58  5:02  Probe  
  58  5:04  Robotics Facility  
  58  5:05  Probe  
  60  5:10  Stalker x2  
  64  5:14  Probe  
  64  5:17  Assimilator  
  64  5:18  Probe  
  66  5:26  Probe  
  67  5:28  Forge  
  67  5:30  Probe  
  68  5:35  Nexus  
  68  5:38  Probe, Pylon  
  68  5:42  Probe  
  70  5:46  Stalker  
  72  5:51  Observer  
  73  6:05  Stalker  
  73  6:07  Probe  
  73  6:08  Protoss Ground Weapons Level 1 (Chrono Boost)  
  73  6:09  Gateway  
  74  6:13  Gateway  
  74  6:14  Probe  
  75  6:20  Stalker  
  75  6:21  Probe  
  78  6:27  Photon Cannon  
  78  6:28  Stalker  
  78  6:31  Observer  
  81  6:34  Gateway  
  81  6:37  Probe  
  81  6:38  Gateway x2  
  81  6:39  Probe  
  83  6:44  Shield Battery  
  83  6:47  Probe  
  83  6:49  Probe  
  84  6:55  Probe  
  84  6:56  Pylon x2  
  84  7:00  Probe  
  86  7:01  Probe  
  86  7:02  Pylon  
  86  7:06  Shield Battery  
  86  7:08  Stalker  
  89  7:10  Probe  
  89  7:13  Robotics Bay  
  89  7:14  Probe  
  91  7:18  Assimilator  
  91  7:19  Probe  
  90  7:23  Probe  
  90  7:24  Stalker x2  
  90  7:27  Pylon  
  95  7:32  Observer  
  95  7:36  Photon Cannon, Stalker x2  
  98  7:39  Stalker  
  98  7:44  Pylon  
  100  7:46  Pylon  
  100  7:57  Stalker x4, Disruptor (Chrono Boost)  
  108  7:58  Probe  
  108  8:02  Probe  
  108  8:05  Photon Cannon  
  113  8:07  Shield Battery  
  113  8:11  Protoss Ground Weapons Level 2 (Chrono Boost)  
  70  8:12  Stalker  
  115  8:14  Assimilator, Pylon  
  115  8:16  Pylon  
  115  8:22  Stalker x3  
  119  8:27  Gateway  
  119  8:33  Disruptor (Chrono Boost)  
  119  8:38  Pylon  
  119  8:39  Pylon  
  119  8:40  Stalker  
  124  8:49  Pylon  
  124  8:53  Stalker x2  
  115  9:04  Stalker x3  
  115  9:07  Assimilator  
  121  9:15  Photon Cannon  
  121  9:17  Pylon  
  121  9:23  Nexus  
  121  9:28  Observer  
  121  9:31  Photon Cannon, Robotics Facility  
  121  9:39  Pylon  
  121  9:40  Pylon  
  121  9:43  Stalker x3  
  121  9:44  Disruptor  
  129  9:56  Stalker x4  
  137  10:09  Probe x2  
  139  10:15  Stalker x3  
  139  10:16  Charge  
  143  10:34  Probe  
  134  10:42  Disruptor  
  133  10:52  Disruptor  
  97  11:11  Stalker x7  
  97  11:12  Stalker  
  97  11:17  Disruptor  
  103  11:20  Probe x2  
  98  11:28  Disruptor  
  88  11:34  Zealot x2  
  88  11:35  Zealot x3  
  88  11:36  Zealot x3  
  92  11:41  Probe  
  81  11:52  Photon Cannon  
  81  11:53  Disruptor  
  78  11:59  Stalker, Zealot x2  
  78  12:00  Stalker  
  80  12:08  Robotics Facility  
  79  12:10  Stalker x4  
  79  12:12  Probe  
  88  12:20  Stalker x2  
  90  12:24  Probe  
  90  12:26  Disruptor  
  91  12:34  Stalker x5  
  100  12:45  Probe  
  100  12:48  Zealot x3  
  102  12:52  Probe  
  102  12:54  Disruptor  
  102  12:55  Probe  
  107  13:02  Disruptor  
  107  13:04  Zealot  
  85  13:13  Zealot x3  
  76  13:20  Stalker  
  76  13:23  Zealot  
  71  13:29  Probe  
  70  13:37  Photon Cannon  
  73  13:46  Stalker x2  
  67  13:51  Zealot  

Tags
 
Add a new tag
Caveats
  • Supply blocks, unpowered buildings, or Contaminate may cause inaccurate times.
  • Supply counts are checked every 10 seconds.